 Seeded DCSS version 0.31-a0-949-g57150269e1 (webtiles) character file.

Game seed: 20231021 (custom seed)

105 greenreed the Ruffian (level 5, -1/39 HPs)
             Began as a Djinni Shapeshifter on Oct 21, 2023.
             Slain by an orc
             ... wielding a +1 flail of protection
              (4 damage)
             ... on level 3 of the Dungeon.
             The game lasted 00:02:45 (1607 turns).

greenreed the Ruffian (Djinni Shapeshifter)         Turns: 1607, Time: 00:02:45

Health: -1/39      AC: 10    Str: 15    XL:     5   Next: 9%
Gold:   97         EV:  4    Int: 12    God:
                   SH:  0    Dex: 12

rFire   + +          .
                       - Unarmed
rCold   x . .        (no shield)
rNeg    . . .        k - +0 plate armour
rPois   ∞            (helmet currently unavailable)
rElec   .            (cloak currently unavailable)
rCorr   .            (gloves currently unavailable)
SInv    .            (boots unavailable)
Will    +....        (no amulet) Stlth
                     j - ring of willpower
HPRegen 0.26/turn    (no ring)
MPRegen 0.00/turn

%: infuse magic (-2 HP)
@: beast-form, flying
A: beast (slay +1), flying, sickness immunity, fire resistance 2, cold
vulnerability 1, float, innate caster, HP casting, extra vitality 1
a: Begin Untransformation


You were on level 3 of the Dungeon.
You were a hulking beast.
You visited 1 branch of the dungeon, and saw 3 of its levels.

You collected 97 gold pieces.

Inventory:

Armour
 k - a +0 plate armour (worn)
Jewellery
 j - a ring of willpower (left hand)
Talismans
 c - a beast talisman (active)
 d - a flux talisman
Scrolls
 a - a scroll of noise {unknown}
 e - a scroll of enchant armour {unknown}
 g - a scroll of blinking {unknown}
 h - 4 scrolls of teleportation {unknown}
 i - a scroll of vulnerability {unknown}
 l - a scroll of identify {unknown}
 n - a scroll of enchant weapon {unknown}
Potions
 b - a potion of lignification
 f - a potion of curing {unknown}
 m - a potion of brilliance {unknown}


   Skills:
 * Level 2.4 Fighting
 + Level 2.8 Dodging
 * Level 3.8 Unarmed Combat
 + Level 0.8 Spellcasting
 + Level 0.8 Conjurations
 + Level 0.8 Hexes
   Level 0.0 Charms
 + Level 0.8 Summonings
 + Level 0.8 Necromancy
 + Level 0.8 Translocations
 + Level 0.8 Transmutations
 + Level 0.8 Fire Magic
 + Level 0.8 Ice Magic
 + Level 0.8 Air Magic
 + Level 0.8 Earth Magic
 + Level 0.8 Poison Magic
 + Level 3.0 Shapeshifting


You knew the following spells:

 Your Spells              Type           Power      Damage    Failure   Level
a - Slow                  Hex            8%         N/A       100%        1
b - Lesser Beckoning      Tloc           4%         N/A       100%        2
Your spell library was empty.


Dungeon Overview and Level Annotations

Branches:
Dungeon (3/15)

Altars:

Shops:
D:1 *


Innate Abilities, Weirdness & Mutations

You are a hulking beast.
Your limbs bulge with bestial killing power. (Slay +1)
You are flying.
You are immune to sickness and miasma.
You are immune to poison.
Your flesh is very heat resistant. (rF++)
You are vulnerable to cold. (rC-)
You float through the air rather than walking.
You learn spells naturally, not from books.
Your magical power is your life essence.
You have superior vitality. (+4 MHP)


Message History

You hit the orc but do no damage. The bat hits you but does no damage.
The orc hits you but does no damage.
You hit the orc.
The orc is almost dead.
The bat hits you but does no damage.
The orc hits you with a +1 flail of protection.
The orc hits you with a +0 hand axe.
You hit the orc.
You kill the orc!
The orc completely misses you. The bat barely misses you.
You closely miss the orc. The bat hits you.
The orc hits you with a +1 flail of protection!
* * * LOW HITPOINT WARNING * * *
The bat closely misses you. The bat hits you but does no damage.
There is a stone staircase leading up here.
Found 23 gold pieces and a scroll labelled YHAPUOTEMP.
Found a faded altar of an unknown god.
The bat hits you but does no damage.
Found 2 gold pieces and 8 stones.
The bat hits you but does no damage. The orc attacks as it pursues you!
The orc hits you but does no damage. The bat hits you but does no damage.
The orc attacks as it pursues you! The orc hits you but does no damage.
The bat hits you but does no damage. The bat attacks as it pursues you!
The bat hits you but does no damage. x2
The orc attacks as it pursues you! The orc barely misses you.
There is a faded altar of an unknown god here.
You see here a gold piece.
You hit the orc but do no damage. The bat hits you but does no damage.
The orc hits you with a +1 flail of protection.
* * * LOW HITPOINT WARNING * * *
You closely miss the orc. The bat hits you but does no damage. x2
The orc splashes around in the water.
You hit the orc.
The orc is lightly wounded.
The bat hits you but does no damage.
You barely miss the orc.
The orc is lightly wounded.
The bat hits you but does no damage.
The orc hits you with a +1 flail of protection.
You die...

.##..........#
.............#
####.<..<)..##
#..).......#
.............#####
.................###
................$..#
...............o~~.#
.....<.........bh$.#
........>......~~$.#
###$#####..?.....#
.. ###.(.#### #####


You could see an orc and a bat.

Vanquished Creatures
  An orc priest (D:3)
  4 adders (D:2)
  A dart slug (D:2)
  An orc (D:3)
  4 ball pythons
  An endoplasm (D:2)
  A giant cockroach (D:2)
  7 goblins
  4 hobgoblins
  5 kobolds
  2 quokkas (D:1)
  3 bats (D:1)
  3 frilled lizards
37 creatures vanquished.

Notes
Turn   | Place    | Note
-------+----------+-------------------------------------------
     0 | D:1      | greenreed the Djinni Shapeshifter began the quest for the
                  | Orb.
     0 | D:1      | Reached XP level 1. HP: 17/17 MP: 0/0
   132 | D:1      | Reached XP level 2. HP: 19/22 MP: 0/0
   361 | D:1      | Found Zynuituf's General Store.
   904 | D:2      | Reached XP level 3. HP: 23/27 MP: 0/0
   904 | D:2      | Learned a level 1 spell: Slow
  1071 | D:2      | Reached XP level 4. HP: 33/33 MP: 0/0
  1450 | D:2      | Reached XP level 5. HP: 3/39 MP: 0/0
  1450 | D:2      | Learned a level 2 spell: Lesser Beckoning
  1596 | D:3      | Found a faded altar of an unknown god.
  1607 | D:3      | Slain by an orc

Illustrated notes

Levels and vault maps discovered:
D:1:      minmay_arrival_four_loops, layout_basic, serial_shops, shop
D:2:      layout_rooms, serial_aquarium, aquarium_bridge_straight
          [aquarium_subvault_bridge, aquarium_subvault_wall,
          aquarium_subvault_bridge, aquarium_subvault_window],
          aquarium_window_1, aquarium_window_corner, aquarium_window_corner,
          aquarium_view_2e, aquarium_view_2d, aquarium_balcony_3b
D:3:      layout_rooms, hellmonk_ecumenical_altar_pennies_from_heaven

Skill      XL: |  1  2  3  4 |
---------------+-------------+-----
Fighting       | 2 |  2.4
Shapeshifting  | 3 |  3.0
Dodging        | |  2.8
Unarmed Combat | |  3.8
Spellcasting   | |  0.8
Conjurations   | |  0.8
Hexes          | |  0.8
Summonings     | |  0.8
Necromancy     | |  0.8
Translocations | |  0.8
Transmutations | |  0.8
Fire Magic     | |  0.8
Ice Magic      | |  0.8
Air Magic      | |  0.8
Earth Magic    | |  0.8
Poison Magic   | |  0.8

Action                     |  1- 3 |  4- 6 || total
---------------------------+-------+-------++-------
  Melee: Unarmed           |    98 |    40 ||   138
         Punch             |     2 |     1 ||     3
   Stab: Sleeping          |     1 |       ||     1
 Armour: Animal skin       |    41 |       ||    41
         Plate armour      |    21 |    59 ||    80
  Dodge: Dodged            |    46 |    11 ||    57

Table legend: (Time is in decaauts)
 A = Elapsed time spent in this place.
 B = Non-inter-level travel time spent in this place.
 C = Inter-level travel time spent in this place.
 D = Time resting spent in this place.
 E = Time spent auto-exploring this place.
 F = Levels seen in this place.
 G = Mean time per level.
                   A        B        C        D        E       F      G
               +--------+--------+--------+--------+--------+-----+--------+
         Total |   1598 |   1506 |     92 |    138 |   1084 |   3 |  532.7 |
       Dungeon |   1598 |   1506 |     92 |    138 |   1084 |   3 |  532.7 |
               +--------+--------+--------+--------+--------+-----+--------+

Top non-repeatable levels by time:
     D:1: 890 daAuts
     D:2: 646 daAuts
     D:3: 62 daAuts
